 Dungeon Crawl Stone Soup version 0.21.1-1-g345015fe64 (webtiles) character file.

1754 Revguard the Skirmisher (level 9, -3/108 HPs)
             Began as a Gnoll Wanderer on July 21, 2018.
             Was a Follower of Okawaru.
             Killed by divine providence
             ... invoked by an orc priest
              (10 damage)
             ... on level 7 of the Dungeon.
             The game lasted 00:25:52 (5510 turns).

Revguard the Skirmisher (Gnoll Wanderer)            Turns: 5510, Time: 00:25:53

Health: -3/108     AC: 24    Str: 21    XL:     9   Next: 6%
Magic:  12/14      EV:  2    Int: 13    God:    Okawaru [*.....]
Gold:   323        SH:  0    Dex: 18    Spells: 15/15 levels left

rFire    . . .     SeeInvis .   u - +3 quarterstaff
rCold    . . .     Gourm    .   (shield currently unavailable)
rNeg     + + +     Faith    .   (armour currently unavailable)
rPois    +         Spirit   .   (helmet currently unavailable)
rElec    .         Reflect  .   (cloak currently unavailable)
rCorr    .         Harm     .   (gloves currently unavailable)
MR       +....     Clarity  +   (boots currently unavailable) Stlth +++++.....NoTele +
                                (no amulet)
HPRegen  0.28/turn              d - ring of poison resistance
MPRegen  0.14/turn              w - ring of protection from magic

@: agile, tree-form, heroism, very slightly contaminated, hasted, very quick
A: distributed training, clarity, strong nose
a: Heroism, Renounce Religion


You were on level 7 of the Dungeon.
You worshipped Okawaru.
Okawaru was aware of your devotion.
You were very hungry.
You were a tree.
You visited 2 branches of the dungeon, and saw 9 of its levels.

You collected 323 gold pieces.

Inventory:

Hand Weapons
 b - a +0 hand crossbow
 u - a +3 quarterstaff (weapon)
Missiles
 c - 38 bolts
Armour
 e - a +1 plate armour (melded)
Jewellery
 d - a ring of poison resistance (left branch)
 g - an uncursed ring of resist corrosion
 w - a ring of protection from magic (right branch)
Wands
 q - a wand of flame (22)
Scrolls
 i - 3 scrolls of remove curse
Potions
 h - 2 potions of lignification
 j - 2 potions of magic
 s - a potion of flight
 t - a potion of brilliance
 x - a potion of cancellation {unknown}
Comestibles
 f - 8 rations


   Skills:
 + Level 7.6(12.6) Fighting
 + Level 3.8(8.8) Short Blades
 + Level 3.8(8.8) Long Blades
 + Level 3.8(8.8) Axes
 + Level 4.6(9.6) Maces & Flails
 + Level 6.0(11.0) Polearms
 + Level 3.8(8.8) Staves
 + Level 3.8(8.8) Slings
 + Level 3.8(8.8) Bows
 + Level 3.8(8.8) Crossbows
 + Level 4.6(9.6) Throwing
 + Level 6.0(11.0) Armour
 + Level 3.8(8.8) Dodging
 + Level 4.5(9.5) Stealth
 + Level 3.8(8.8) Shields
 + Level 3.8(8.8) Unarmed Combat
 + Level 3.8 Spellcasting
 + Level 3.1 Conjurations
 + Level 3.1 Hexes
 + Level 3.1 Charms
 + Level 3.1 Summonings
 + Level 3.1 Necromancy
 + Level 3.1 Translocations
 + Level 3.1 Transmutations
 + Level 3.1 Fire Magic
 + Level 3.1 Ice Magic
 + Level 3.1 Air Magic
 + Level 3.1 Earth Magic
 + Level 3.1 Poison Magic
 + Level 4.1 Invocations
 + Level 3.8 Evocations


You had 15 spell levels left.
You didn't know any spells.

Dungeon Overview and Level Annotations

Branches:
Dungeon (8/15)             Temple (1/1) D:5
   Lair: D:8-11

Altars:
Ashenzari
Cheibriados
Dithmenos
Elyvilon
Fedhas
Gozag
Hepliaklqana
Kikubaaqudgha
Makhleb
Nemelex Xobeh
Okawaru
Sif Muna
Trog
Vehumet
Wu Jian
Xom
Yredelemnul
Zin
The Shining One


Innate Abilities, Weirdness & Mutations

Your experience applies equally to all skills.
((You have very sharp teeth.))
Your uncanny sense of smell can sniff out nearby items.
((You have a pair of small horns on your head.))
You possess an exceptional clarity of mind.


Message History

The howler monkey completely misses you.
The centaur skeleton hits you but does no damage.
A killer bee comes into view.
The killer bee buzzes angrily.
You sock the centaur skeleton!
The centaur skeleton is severely damaged.
The howler monkey hits you but does no damage.
The centaur skeleton hits you but does no damage.
You hit the centaur skeleton.
The centaur skeleton is severely damaged.
You sock the centaur skeleton!
You destroy the centaur skeleton!
Okawaru accepts your kill.
The howler monkey hits you but does no damage.
You sock the howler monkey!
You kill the howler monkey!
Okawaru accepts your kill.
The orc priest calls down the wrath of Beogh upon you.
Beogh smites you!
You die...

...# ##§# # #.. #..#
#. #.##.### ...#
####.##..?...# #..#
#.?..###...#.# #..#
##........#o#.#
#..###.........o.# #
.............yo.o#
...............#♣#
...........##..#.#
........#.##..##.#
...........).###.#..
............)$h.....
.......<.########...
.........# .
.####...## .. .#
#...#


You could see an orc warrior, a killer bee, 2 orc priests and an orc.

Vanquished Creatures
  The ghost of error the Caller, an amateur OpSu (D:4)
  An orc warrior (D:7)
  The ghost of ILYA101 the Slasher, an amateur DrMo (D:3)
  An ice beast (D:5)
  A phantom (D:4)
  2 centaurs
  2 bullfrogs (D:7)
  A water moccasin zombie (D:5)
  A scorpion (D:5)
  4 howler monkeys
  2 crimson imps (D:6)
  2 bullfrog zombies (D:5)
  2 jellies (D:5)
  A bullfrog skeleton (D:5)
  A centaur skeleton (D:7)
  A hound (D:7)
  Terence (D:2)
  3 worker ants (D:5)
  4 orc wizards
  A hound skeleton (D:4)
  7 adders
  2 oozes
  2 adder skeletons
  A dart slug (D:1)
  6 leopard geckos
  12 orcs
  10 bats
  4 giant cockroaches
  8 goblins
  10 hobgoblins
  10 jackals
  4 quokkas
  8 ball pythons
  7 frilled lizards
  3 kobolds (D:1)
  2 rats
129 creatures vanquished.

Notes
Turn   | Place    | Note
-------+----------+-------------------------------------------
     0 | D:1      | Revguard the Gnoll Wanderer began the quest for the Orb.
     0 | D:1      | Revguard set off with: a +2 spear, a +0 hand crossbow, 24 bolts, a potion of curing, a +0 robe, a ration
     0 | D:1      | Reached XP level 1. HP: 23/23 MP: 1/1
   236 | D:1      | Reached XP level 2. HP: 29/29 MP: 2/2
   628 | D:1      | Reached XP level 3. HP: 29/35 MP: 3/3
   988 | D:2      | Noticed Terence
  1035 | D:2      | Killed Terence
  1035 | D:2      | Reached skill level 1 in Short Blades
  1035 | D:2      | Reached skill level 1 in Long Blades
  1035 | D:2      | Reached skill level 1 in Axes
  1035 | D:2      | Reached skill level 1 in Staves
  1035 | D:2      | Reached skill level 1 in Slings
  1035 | D:2      | Reached skill level 1 in Bows
  1035 | D:2      | Reached skill level 1 in Crossbows
  1035 | D:2      | Reached skill level 1 in Dodging
  1035 | D:2      | Reached skill level 1 in Shields
  1035 | D:2      | Reached skill level 1 in Unarmed Combat
  1035 | D:2      | Reached skill level 1 in Spellcasting
  1035 | D:2      | Reached skill level 1 in Invocations
  1035 | D:2      | Reached skill level 1 in Evocations
  1035 | D:2      | Reached XP level 4. HP: 26/41 MP: 5/5
  1135 | D:2      | Found a blossoming altar of Fedhas.
  1347 | D:2      | Found a snail-covered altar of Cheibriados.
  1351 | D:2      | Reached skill level 1 in Conjurations
  1351 | D:2      | Reached skill level 1 in Hexes
  1351 | D:2      | Reached skill level 1 in Charms
  1351 | D:2      | Reached skill level 1 in Summonings
  1351 | D:2      | Reached skill level 1 in Necromancy
  1351 | D:2      | Reached skill level 1 in Translocations
  1351 | D:2      | Reached skill level 1 in Transmutations
  1351 | D:2      | Reached skill level 1 in Fire Magic
  1351 | D:2      | Reached skill level 1 in Ice Magic
  1351 | D:2      | Reached skill level 1 in Air Magic
  1351 | D:2      | Reached skill level 1 in Earth Magic
  1351 | D:2      | Reached skill level 1 in Poison Magic
  1406 | D:2      | Found a glowing golden altar of the Shining One.
  1760 | D:3      | Reached XP level 5. HP: 45/47 MP: 6/6
  2203 | D:3      | Reached XP level 6. HP: 25/53 MP: 8/8
  2246 | D:3      | Gained mutation: You have a pair of small horns on your head. [potion of mutation]
  2246 | D:3      | Gained mutation: You possess an exceptional clarity of mind. [potion of mutation]
  2404 | D:3      | Noticed ILYA101's ghost (amateur DrMo)
  2451 | D:3      | Killed ILYA101's ghost
  2451 | D:3      | Reached skill level 5 in Polearms
  2451 | D:3      | Reached skill level 5 in Armour
  2873 | D:4      | Noticed a phantom
  2912 | D:4      | Killed a phantom
  2912 | D:4      | Reached XP level 7. HP: 37/59 MP: 10/10
  3231 | D:4      | Reached skill level 7 in Fighting
  3239 | D:4      | Noticed error's ghost (amateur OpSu)
  3280 | D:4      | Killed error's ghost
  3502 | D:5      | Entered Level 5 of the Dungeon
  3764 | D:5      | Found a staircase to the Ecumenical Temple.
  3776 | Temple   | Entered the Ecumenical Temple
  4010 | Temple   | Became a worshipper of Warmaster Okawaru
  4064 | D:5      | Reached XP level 8. HP: 64/67 MP: 12/12
  4616 | D:5      | You fall through a shaft for 3 floors!
  4616 | D:8      | Noticed a hellwing
  4616 | D:8      | Noticed a hellwing
  4695 | D:5      | Reached * piety under Okawaru
  4818 | D:6      | Found a radiant altar of Vehumet.
  4971 | D:6      | Found a deep blue altar of Sif Muna.
  5214 | D:6      | Found a bloodstained altar of Trog.
  5491 | D:7      | HP: 3/100 [bullfrog (3)]
  5504 | D:7      | Reached XP level 9. HP: 6/72 MP: 12/14
  5510 | D:7      | Killed from afar by an orc priest

Skill      XL: |  1  2  3  4  5  6  7  8 |
---------------+-------------------------+-----
Short Blades   | 1 2 3 |  3.8
Long Blades    | 1 2 3 |  3.8
Axes           | 1 2 3 |  3.8
Staves         | 1 2 3 |  3.8
Slings         | 1 2 3 |  3.8
Bows           | 1 2 3 |  3.8
Crossbows      | 1 2 3 |  3.8
Dodging        | 1 2 3 |  3.8
Shields        | 1 2 3 |  3.8
Unarmed Combat | 1 2 3 |  3.8
Spellcasting   | 1 2 3 |  3.8
Invocations    | 1 2 3 4 |  4.1
Evocations     | 1 2 3 |  3.8
Conjurations   | 1 2 3 |  3.1
Hexes          | 1 2 3 |  3.1
Charms         | 1 2 3 |  3.1
Summonings     | 1 2 3 |  3.1
Necromancy     | 1 2 3 |  3.1
Translocations | 1 2 3 |  3.1
Transmutations | 1 2 3 |  3.1
Fire Magic     | 1 2 3 |  3.1
Ice Magic      | 1 2 3 |  3.1
Air Magic      | 1 2 3 |  3.1
Earth Magic    | 1 2 3 |  3.1
Poison Magic   | 1 2 3 |  3.1
Maces & Flails | 3 4 |  4.6
Throwing       | 3 4 |  4.6
Polearms       | 5 6 |  6.0
Armour         | 5 6 |  6.0
Stealth        | 3 4 |  4.5
Fighting       | 7 |  7.6

Action                   |  1- 3 |  4- 6 |  7- 9 || total
-------------------------+-------+-------+-------++-------
Melee: Spear             |    92 |   199 |   176 ||   467
       Bite              |     8 |    16 |    28 ||    52
       Headbutt          |       |     9 |    51 ||    60
       Punch             |       |       |     3 ||     3
       Quarterstaff      |       |       |    65 ||    65
Invok: Heroism           |       |       |     1 ||     1
  Use: Potion            |       |     6 |     4 ||    10
       Scroll            |       |     7 |    10 ||    17
 Stab: Sleeping          |     3 |     2 |       ||     5
  Eat: Chunk             |       |     2 |     5 ||     7
       Ration            |       |     1 |     1 ||     2
Armor: Ring mail         |    30 |    69 |     3 ||   102
       Robe              |     1 |       |       ||     1
       Skin              |       |     5 |    37 ||    42
       Plate armour      |       |       |   165 ||   165
Dodge: Dodged            |    25 |    97 |   108 ||   230
